 Dungeon Crawl Stone Soup version 0.28.0-53-g5a82cb258f (webtiles) character file.

Game seed: 3375975344322009211

165 tizbic2 the Conjurer (level 5, 0/38 HPs)
             Began as a Demigod Conjurer on July 19, 2022.
             Succumbed to an adder's poison
             ... on level 3 of the Dungeon.
             The game lasted 00:14:32 (2822 turns).

tizbic2 the Conjurer (Demigod Conjurer)             Turns: 2822, Time: 00:14:33

Health: 0/38       AC:  6    Str: 12    XL:     5   Next: 1%
Magic:  8/14       EV: 10    Int: 20    God:
Gold:   109        SH:  0    Dex: 12    Spells: 8/11 levels left

rFire   . . .      SeeInvis .   d - +1 short sword (protect)
rCold   . . .      Faith    .   (no shield)
rNeg    . . .      Spirit   .   o - +0 ring mail
rPois   .          Reflect  .   (no helmet)
rElec   .          Harm     .   (no cloak)
rCorr   .          Rampage  .   (no gloves)
Will    .....                   h - +0 pair of boots
Stlth   +.........              (no amulet)
HPRegen 0.12/turn               (no ring)
MPRegen 0.14/turn               (no ring)

@: lethally poisoned (0 -> -5), hasted, very quick
A: high MP 1, forlorn, divine attributes
a: no special abilities


You were on level 3 of the Dungeon.
You visited 1 branch of the dungeon, and saw 3 of its levels.

You collected 109 gold pieces.

Inventory:

Hand Weapons
 d - a +1 short sword of protection (weapon)
 e - a +2 dagger of speed
 l - a +0 halberd of venom
Missiles
 a - 2 atropa-tipped darts
Armour
 h - a +0 pair of boots (worn)
 o - a +0 ring mail (worn)
Magical Staves
 i - a staff of death
Jewellery
 k - a ring of ice
Wands
 n - a wand of iceblast (5)
Scrolls
 b - a scroll of vulnerability {unknown}
 g - 4 scrolls of identify {unknown}
 p - a scroll of holy word {unknown}
Potions
 c - a potion of magic {unknown}
 j - a potion of brilliance {unknown}
 m - a potion of might {unknown}


   Skills:
 - Level 1.7 Dodging
 - Level 1.7 Stealth
 * Level 3.9 Spellcasting
 + Level 4.4 Conjurations


You had 8 spell levels left.
You knew the following spells:

 Your Spells              Type           Power      Damage    Failure   Level
a - Magic Dart            Conj           84%        1d7       4%          1
b - Searing Ray           Conj           42%        2d6       7%          2

Your spell library contained the following spells:

 Spells                   Type           Power      Damage    Failure   Level
 Dazzling Flash           Conj/Hex       24%        N/A       34%         3
 Fulminant Prism          Conj/Hex       6%         3d7       75%         4
 Iskenderun's Mystic Bla  Conj/Tloc      12%        2d5       75%         4


Dungeon Overview and Level Annotations

Branches:
Dungeon (3/15)


Innate Abilities, Weirdness & Mutations

You have an increased reservoir of magic. (+10% MP)
You shall have no god before yourself.
Your divine heritage dramatically boosts your attributes as you level up.


Message History

The adder poisons you! The adder barely misses you.
Okay, then.
Casting: Magic Dart (safe; 4% risk of failure)
Confirm with . or Enter, or press ? or * to list all spells.
Aiming: Searing Ray (safe; 7% risk of failure)
Press: ? - help, Shift-Dir - straight line, f - adder
Aim: an adder (63% to hit)
You miscast Searing Ray.
You are very lightly contaminated with residual magic.
Nothing appears to happen.
You feel sick. The adder bites you but does no damage.
You feel sick. The adder closely misses you.
Casting: Searing Ray (safe; 7% risk of failure)
Confirm with . or Enter, or press ? or * to list all spells.
Aiming: Searing Ray (safe; 7% risk of failure)
Press: ? - help, Shift-Dir - straight line, f/p - adder
Aim: an adder (63% to hit)
The searing ray hits the adder.
The adder is severely wounded. (Press . to maintain the ray.)
You feel sick. The adder bites you but does no damage.
The searing ray misses the adder.
You feel sick. The adder bites you.
You are more poisoned.
The adder poisons you! The adder bites you.
You are more poisoned.
The adder poisons you!
The searing ray hits the adder.
You kill the adder!
* * * LOW HITPOINT WARNING * * *
You feel very sick.
You have reached level 5!
* * * LOW HITPOINT WARNING * * *
You feel sick.
* * * LOW HITPOINT WARNING * * *
You feel sick.
Your magical contamination has completely faded away.
* * * LOW HITPOINT WARNING * * *
You feel sick.
It was a potion of haste.
You feel yourself speed up.
You die...

#.....# ###
#.###.# ##...
# #.# #.[.
#.# #..#
##.## #..#
#...## #..#
#.....
##########..#
#...##
#.†...<.@...#
#####
#.########..#
#.# #.....#
#.# #.##.##
#)# # #.# #.#
#.# #.# ...
#.# ... #.#
#...


There were no monsters in sight!

Vanquished Creatures
  7 gnolls
  4 adders
  A worm (D:2)
  2 dart slugs
  7 endoplasms
  4 giant cockroaches (D:1)
  2 goblins (D:3)
  8 hobgoblins
  5 kobolds
  4 quokkas
  2 ball pythons (D:2)
  2 bats (D:1)
  A frilled lizard (D:3)
  4 rats
53 creatures vanquished.

Notes
Turn   | Place    | Note
-------+----------+-------------------------------------------
     0 | D:1      | tizbic2 the Demigod Conjurer began the quest for the Orb.
     0 | D:1      | Reached XP level 1. HP: 14/14 MP: 5/5
   416 | D:1      | Reached XP level 2. HP: 20/20 MP: 3/7
  1025 | D:2      | Reached skill level 4 in Conjurations
  1025 | D:2      | Reached XP level 3. HP: 22/26 MP: 1/9
  1363 | D:2      | Reached XP level 4. HP: 21/33 MP: 5/11
  1911 | D:2      | Learned a level 2 spell: Searing Ray
  2819 | D:3      | Reached XP level 5. HP: 7/38 MP: 7/14
  2821 | D:3      | HP: 1/38 [poisoned by an adder]
  2822 | D:3      | Succumbed to an adder's poison

Illustrated notes

Levels and vault maps discovered:
D:1:      ebering_trefoil_twist, layout_basic
D:2:      layout_basic
D:3:      layout_loops_ring, chei_slow_surprise, shapermc_ecumenical_altar_venn

Skill      XL: |  1  2  3 |
---------------+----------+-----
Spellcasting   | 2 3 |  3.9
Conjurations   | 4 |  4.4
Dodging        | |  1.7
Stealth        | |  1.7

Action                   |  1- 3 |  4- 6 || total
-------------------------+-------+-------++-------
Melee: Short sword       |    45 |    34 ||    79
 Cast: Magic Dart        |    64 |    33 ||    97
       Searing Ray       |       |     5 ||     5
  Use: Potion            |       |     1 ||     1
 Stab: Sleeping          |       |     1 ||     1
Armor: Robe              |    10 |     6 ||    16
       Ring mail         |       |     5 ||     5
       Leather armour    |       |     2 ||     2
Dodge: Dodged            |    35 |    20 ||    55
